 Dungeon Crawl Stone Soup version 0.31-a0-174-g85c54bcb58 (webtiles) character file.

Game seed: 15493805417105915927

789 qw the Shooter (level 7, 0/60 (66) HPs)
             Began as a Naga Hunter on June 15, 2023.
             Slain by a wight
             ... wielding a +0 halberd
              (14 damage)
             ... on level 5 of the Dungeon.
             The game lasted 00:01:16 (4186 turns).

qw the Shooter (Naga Hunter)                        Turns: 4186, Time: 00:01:17

HP:   0/60 (66)     AC:  3    Str: 14    XL:     7   Next: 87%
MP:   7/7           EV: 10    Int:  9    God:
Gold: 221           SH:  0    Dex: 16    Spells: 6/6 levels left

rFire   + . .        r - +0 orcbow
rCold   . . .        (shield currently unavailable)
rNeg    . . .        c - +0 leather armour
rPois   +            (no helmet)
rElec   .            (no cloak)
rCorr   .            (no gloves)
SInv    +            (no barding)
Will    .....        (no amulet)
Stlth   ++           a - ring of protection from fire
HPRegen 0.30/turn    (no ring)
MPRegen 0.10/turn

%: no passive effects
@: about to teleport, drained, very slow
A: AC +2, large, see invisible, deformed body, poison resistance, slowness 2,
spit poison 1, naga tail 1
a: Spit Poison


You were on level 5 of the Dungeon.
You visited 1 branch of the dungeon, and saw 5 of its levels.

You collected 221 gold pieces.


Innate Abilities, Weirdness & Mutations

Your serpentine skin is tough. (AC +2)
You have supernaturally acute eyesight. (SInv)
Armour fits poorly on your strangely shaped body.
Your system is resistant to poisons. (rPois)
You cover ground very slowly.
You can spit poison.
You have a snake-like lower body.


   Skills:
 - Level 4.5 Fighting
 + Level 7.6 Ranged Weapons
 - Level 2.0 Dodging
 - Level 1.5 Stealth


You had 6 spell levels left.
You didn't know any spells.
Your spell library was empty.

Inventory:

Hand Weapons
 r - a +0 orcbow (weapon)
Armour
 c - a +0 leather armour (worn)
 o - a +2 leather armour of willpower
Jewellery
 a - a ring of protection from fire (left hand)
 m - an amulet of reflection
Scrolls
 d - 2 scrolls of identify
 e - 3 scrolls of teleportation
 k - a scroll of revelation {unknown}
 p - a scroll of immolation {unknown}
Potions
 b - a potion of mutation
 f - 2 potions of curing
 h - a potion of heal wounds {unknown}
 i - a potion of berserk rage {unknown}
 j - a potion of brilliance {unknown}
 l - 2 potions of haste {unknown}
 n - a potion of cancellation {unknown}
 q - a potion of attraction {unknown}

Dungeon Overview and Level Annotations

Branches:
Dungeon (5/15)
 Temple: D:4-7

Altars:


Message History

You shoot an arrow. The arrow hits the wight.
The wight is lightly damaged.
The wight hits you with a +3 falchion.
You feel drained.
You shoot an arrow. The arrow hits the wight!
The wight is heavily damaged.
The wight barely misses you.
You shoot an arrow. The arrow hits the wight!
You destroy the wight!
The wight closely misses you.
Your life force feels restored.
You shoot an arrow. The arrow barely misses the wight.
The wight barely misses you.
The wight hits you from afar with a +0 halberd!
You feel drained.
You shoot an arrow. The arrow hits the wight!
The wight is almost destroyed.
The wight hits you but does no damage. The wight closely misses you.
You shoot an arrow.
The arrow hits the wight but does no damage.
The wight is almost destroyed.
The wight hits you with a +2 short sword!
You feel drained. The wight barely misses you.
The wight completely misses you. x2
You shoot an arrow. The arrow barely misses the wight.
The wight barely misses you. The wight closely misses you.
You shoot an arrow. The arrow hits the wight.
The wight is almost destroyed.
The wight hits you with a +2 short sword!
You feel drained.
The wight hits you from afar with a +0 halberd.
You shoot an arrow.
The arrow hits the wight but does no damage.
The wight is almost destroyed.
The wight hits you with a +2 short sword.
The wight closely misses you.
4186 ||| READING 4 scrolls of teleportation.
As you read the scroll of teleportation, it crumbles to dust.
You feel strangely unstable. The wight closely misses you.
The wight hits you from afar with a +0 halberd!
You die...

#.....#########...#
.....## #.....##
#.##.#
#.###)########
#.##.# #.#
#.......?. #.##.#
#.# #.########
#.##.# #.# #.#
#.##.# #.# #.#
#.##># #.# #.#
#.##.# #.# #@#
#.##.# #.# #z#
#.##.# #.# #.z..z#
..##.#######.#
#####z#
####.........#
...########### ..#
...# #.# ...# #.#
#.## #.#


You could see 2 wights.

Vanquished Creatures
  A centaur (D:5)
  2 ogres (D:5)
  A phantom (D:5)
  A scorpion (D:5)
  A wight (D:5)
  A howler monkey (D:4)
  An orc priest (D:4)
  A hound (D:4)
  A jelly (D:5)
  An iguana (D:5)
  2 orc wizards
  4 adders
  A white imp (D:5)
  An ufetubus (D:5)
  3 worms
  9 orcs
  12 endoplasms
  2 giant cockroaches
  3 goblins
  7 hobgoblins
  8 jackals (D:3)
  6 quokkas
  2 ball pythons (D:4)
  7 bats
  4 frilled lizards
  7 kobolds
  4 rats
93 creatures vanquished.

Vanquished Creatures (others)
  An orc wizard (D:5)
1 creature vanquished.

Grand Total: 94 creatures vanquished

Notes
Turn   | Place    | Note
-------+----------+-------------------------------------------
     0 | D:1      | qw the Naga Hunter began the quest for the Orb.
     0 | D:1      | Reached XP level 1. HP: 19/19 MP: 1/1
     0 | D:1      | 0 ||| qw: Version: 0.2-a-29-g511e9b1
     0 | D:1      | 0 ||| qw: Game counter: 5618
     0 | D:1      | 0 ||| qw: Always use a shield: true
     0 | D:1      | 0 ||| qw: God list: Okawaru
     0 | D:1      | 0 ||| qw: Allow faded altars: false
     0 | D:1      | 0 ||| qw: Do Orc after D:15 true
     0 | D:1      | 0 ||| qw: Do second Lair branch before Depths: true
     0 | D:1      | 0 ||| qw: Lair rune preference: random
     0 | D:1      | 0 ||| qw: Plans: Normal
     0 | D:1      | 0 ||| PLANNING D:1-11
    16 | D:1      | 16 ||| INVOKING Spit Poison.
    26 | D:1      | 26 ||| INVOKING Spit Poison.
    44 | D:1      | 44 ||| INVOKING Spit Poison.
   130 | D:1      | Reached skill level 4 in Ranged Weapons
   130 | D:1      | Reached XP level 2. HP: 26/26 MP: 2/2
   133 | D:1      | 133 ||| INVOKING Spit Poison.
   151 | D:1      | 151 ||| INVOKING Spit Poison.
   169 | D:1      | 169 ||| INVOKING Spit Poison.
   178 | D:1      | 178 ||| INVOKING Spit Poison.
   202 | D:1      | 202 ||| INVOKING Spit Poison.
   237 | D:1      | 237 ||| INVOKING Spit Poison.
   244 | D:1      | 244 ||| INVOKING Spit Poison.
   544 | D:1      | 544 ||| READING scroll labelled KOOXTI EPSICH.
   545 | D:1      | 545 ||| READING scroll labelled BEWOSOSANK.
   546 | D:1      | 546 ||| READING scroll labelled TEMNICVETT.
   547 | D:1      | 547 ||| READING scroll labelled JIXIWU GASTRYROS.
   548 | D:1      | 548 ||| DROPPING scroll of butterflies.
   657 | D:2      | 657 ||| INVOKING Spit Poison.
   750 | D:2      | 750 ||| INVOKING Spit Poison.
   752 | D:2      | Reached XP level 3. HP: 31/32 MP: 3/3
   773 | D:2      | 773 ||| INVOKING Spit Poison.
   812 | D:2      | 812 ||| INVOKING Spit Poison.
   838 | D:2      | 838 ||| INVOKING Spit Poison.
   973 | D:2      | 973 ||| INVOKING Spit Poison.
  1149 | D:2      | 1149 ||| INVOKING Spit Poison.
  1392 | D:2      | 1392 ||| INVOKING Spit Poison.
  1421 | D:2      | 1421 ||| UPGRADING to ring of protection from fire.
  1422 | D:2      | 1422 ||| READING scroll labelled INAITW XA VOUL.
  1427 | D:2      | 1427 ||| READING 3 scrolls of identify.
  1427 | D:2      | 1427 ||| IDENTIFYING glowing emerald potion
  1428 | D:2      | 1428 ||| READING 2 scrolls of identify.
  1428 | D:2      | 1428 ||| IDENTIFYING sapphire potion
  1429 | D:2      | 1429 ||| DROPPING potion of enlightenment.
  1511 | D:3      | 1511 ||| INVOKING Spit Poison.
  1539 | D:3      | 1539 ||| INVOKING Spit Poison.
  1543 | D:3      | 1543 ||| INVOKING Spit Poison.
  1547 | D:3      | 1547 ||| INVOKING Spit Poison.
  1554 | D:3      | 1554 ||| INVOKING Spit Poison.
  1563 | D:3      | 1563 ||| INVOKING Spit Poison.
  1564 | D:3      | 1564 ||| INVOKING Spit Poison.
  1593 | D:3      | 1593 ||| INVOKING Spit Poison.
  1594 | D:3      | Reached skill level 5 in Ranged Weapons
  1597 | D:3      | Reached XP level 4. HP: 39/39 MP: 4/4
  1749 | D:3      | 1749 ||| INVOKING Spit Poison.
  1777 | D:3      | 1777 ||| INVOKING Spit Poison.
  1782 | D:3      | 1782 ||| INVOKING Spit Poison.
  1786 | D:3      | 1786 ||| INVOKING Spit Poison.
  1803 | D:3      | 1803 ||| INVOKING Spit Poison.
  1967 | D:3      | 1967 ||| INVOKING Spit Poison.
  2097 | D:3      | 2097 ||| DROPPING amulet of magic regeneration.
  2098 | D:3      | 2098 ||| DRINKING 3 lumpy purple potions.
  2099 | D:3      | 2099 ||| DRINKING 3 glowing puce potions.
  2154 | D:3      | 2154 ||| DROPPING 2 potions of lignification.
  2208 | D:4      | 2208 ||| INVOKING Spit Poison.
  2210 | D:4      | Reached skill level 3 in Fighting
  2213 | D:4      | 2213 ||| INVOKING Spit Poison.
  2223 | D:4      | 2223 ||| INVOKING Spit Poison.
  2226 | D:4      | 2226 ||| INVOKING Spit Poison.
  2233 | D:4      | 2233 ||| INVOKING Spit Poison.
  2237 | D:4      | Reached XP level 5. HP: 40/49 MP: 5/5
  2238 | D:4      | 2238 ||| INVOKING Spit Poison.
  2241 | D:4      | HP: 11/49 [orc/+0 club (3)]
  2242 | D:4      | 2242 ||| READING 4 scrolls of teleportation.
  2243 | D:4      | 2243 ||| INVOKING Spit Poison.
  2377 | D:4      | 2377 ||| INVOKING Spit Poison.
  2380 | D:4      | 2380 ||| INVOKING Spit Poison.
  2474 | D:4      | 2474 ||| INVOKING Spit Poison.
  2622 | D:4      | 2622 ||| INVOKING Spit Poison.
  2625 | D:4      | 2625 ||| INVOKING Spit Poison.
  2647 | D:4      | Reached skill level 6 in Ranged Weapons
  2647 | D:4      | Reached XP level 6. HP: 56/56 MP: 6/6
  3271 | D:4      | 3271 ||| DRINKING 2 purple potions.
  3272 | D:4      | 3272 ||| DRINKING 2 potions of curing.
  3272 | D:4      | 3272 ||| (to cure confusion)
  3273 | D:4      | 3273 ||| DROPPING potion of ambrosia.
  3324 | D:5      | Entered Level 5 of the Dungeon
  3326 | D:5      | 3326 ||| STAIRDANCE
  3384 | D:5      | 3384 ||| INVOKING Spit Poison.
  3444 | D:5      | 3444 ||| INVOKING Spit Poison.
  3447 | D:5      | 3447 ||| INVOKING Spit Poison.
  3452 | D:5      | 3452 ||| INVOKING Spit Poison.
  3453 | D:5      | Reached XP level 7. HP: 62/66 MP: 7/7
  3581 | D:5      | 3581 ||| INVOKING Spit Poison.
  3655 | D:5      | 3655 ||| INVOKING Spit Poison.
  3829 | D:5      | 3829 ||| INVOKING Spit Poison.
  3831 | D:5      | Reached skill level 7 in Ranged Weapons
  3832 | D:5      | 3832 ||| INVOKING Spit Poison.
  4077 | D:5      | 4077 ||| UPGRADING to +0 orcbow.
  4078 | D:5      | 4078 ||| DROPPING +0 heavy shortbow.
  4175 | D:5      | 4175 ||| Stepping ~*~*~tactically~*~*~ (outnumbered).
  4185 | D:5      | HP: 14/60 [wight/+2 short sword (3)]
  4186 | D:5      | 4186 ||| READING 4 scrolls of teleportation.
  4186 | D:5      | Slain by a wight

Levels and vault maps discovered:
D:1:      saegor_arrival_simple_a, layout_basic, minmay_heptomino_h4
D:2:      layout_basic
D:3:      wad_woods_pond, layout_loops_ring, minmay_misc_feat_plants
D:4:      layout_layer_cave, minmay_crystal_room
D:5:      layout_loops_ring

Skill      XL: |  1  2  3  4  5  6  7 |
---------------+----------------------+-----
Ranged Weapons | 4 5 6 7 |  7.6
Fighting       | 3 4 |  4.5
Dodging        | 2 |  2.0
Stealth        | |  1.5

Action                     |  1- 3 |  4- 6 |  7- 9 || total
---------------------------+-------+-------+-------++-------
   Fire: Shortbow          |    63 |    66 |    23 ||   152
         Orcbow            |       |       |    11 ||    11
Ability: Spit Poison       |    25 |    22 |     4 ||    51
    Use: Scroll            |     7 |     1 |     1 ||     9
         Potion            |       |     4 |       ||     4
 Armour: Leather armour    |     2 |     3 |     3 ||     8
  Dodge: Dodged            |     7 |    11 |    19 ||    37

Table legend:
 A = Non-vault XP
 B = Vault XP
 C = Vault XP percentage of total XP
 D = Non-vault monster count
 E = Vault monster count
 F = Vault count percentage of total count
                 A         B        C        D         E       F
            +---------+---------+-------+---------+---------+-------
      Total |    1119 |       9 |   0.8 |      91 |       3 |   3.2
            +---------+---------+-------+---------+---------+-------
        D:1 |      24 |       4 |  14.3 |      16 |       2 |  11.1
        D:2 |      27 |       0 |   0.0 |      17 |       0 |   0.0
        D:3 |      44 |       5 |  10.2 |      22 |       1 |   4.3
        D:4 |     244 |       0 |   0.0 |      19 |       0 |   0.0
        D:5 |     780 |       0 |   0.0 |      17 |       0 |   0.0
            +---------+---------+-------+---------+---------+-------
